AoeStats
← kronospirit

Arabia

510803948Analyzed
1v1 RM · 1d ago on Oct 2, 2026· 44m 1s· 2 players
Game mode
Random Map
Map size
Tiny (2 player)
Population
200
Speed
Normal
Resources
Standard
Victory
Conquest
Starting age
Dark Age
Ending age
Imperial Age
RankedLock teamsTeams togetherTeam positionsShared explorationLock speedFull tech treeHidden civsTurbo modeCheats
Victory
Defeat
🇪🇸 Saracens · Spain
987
+16
🇨🇾 Mongols · Cyprus
985
-16
andreas1
6:47 Loom
8:43 Feudal Age
7:01 Loom
19:49 Castle Age
18:37 Double-Bit Axe
18:39 Horse Collar
21:30 Bow Saw
22:32 Elite Skirmisher
23:24 Padded Archer Armor
24:12 Fletching
24:38 Leather Archer Armor
37:42 Bodkin Arrow
41:03 Ballistics
41:57 Thumb Ring
43:11 Stone Mining
43:12 Gold Mining
kronospirit
7:31 Loom
10:09 Feudal Age
10:38 Double-Bit Axe
13:53 Wheelbarrow
18:04 Fletching
18:44 Padded Archer Armor
22:25 Castle Age
21:08 Horse Collar
21:24 Gold Mining
22:55 Crossbowman
23:35 Bodkin Arrow
23:43 Elite Skirmisher
25:36 Bow Saw
26:43 Leather Archer Armor
28:47 Thumb Ring
29:01 Heavy Plow
28:57 Stone Mining
31:10 Bloodlines
31:27 Ballistics
31:08 Town Watch
33:24 Scale Barding Armor
33:23 Husbandry
33:49 Hand Cart
34:46 Forging
43:25 Chain Barding Armor
43:53 Gold Shaft Mining
Connection lost

Rejoining the realm…

Still unreachable

The connection could not be restored.

Session expired

The server has moved on; the page needs a fresh start.